 Dungeon Crawl Stone Soup version 0.22-a0-433-gd2a9cce0b5 (webtiles) character file.

7109 Manul the Protected (level 10, -9/79 HPs)
             Began as a Demonspawn Gladiator on May 27, 2018.
             Was an Initiate of Gozag.
             Mangled by an ettin
             ... wielding a +0 dire flail
              (36 damage)
             ... on level 9 of the Dungeon.
             The game lasted 00:12:41 (9548 turns).

Manul the Protected (Demonspawn Gladiator)          Turns: 9548, Time: 00:12:42

Health: -9/79      AC: 15    Str: 14    XL:     10   Next: 85%
Magic:  0/10       EV: 15    Int: 10    God:    Gozag
Gold:   664        SH:  0    Dex: 18    Spells: 9/9 levels left

rFire    . . .     SeeInvis .   a - +0 long sword
rCold    + . .     Gourm    .   (no shield)
rNeg     . . .     Faith    .   t - +3 ring mail
rPois    .         Spirit   +   (helmet restricted)
rElec    .         Reflect  .   G - +0 cloak
rCorr    .         Harm     .   I - +0 pair of gloves
MR       .....                  (no boots)
Stlth    +++.......             s - amulet of guardian spirit
HPRegen  0.23/turn              w - ring of protection from cold
MPRegen  0.12/turn              (no ring)

@: very slightly contaminated, invisible
A: horns 1, yellow scales 2, spiny 3
a: Potion Petition, Call Merchant, Bribe Branch, Renounce Religion


You were on level 9 of the Dungeon.
You worshipped Gozag.
Gozag was pleased with you.
You were not hungry.

You visited 3 branches of the dungeon, and saw 11 of its levels.
You also visited: Ossuary.

You collected 1587 gold pieces.
You spent 256 gold pieces at shops.
You paid 667 gold pieces to Gozag.

Inventory:

Hand Weapons
 a - a +0 long sword (weapon)
 g - a +2 whip of venom
Armour
 b - a +1 leather armour
 c - a +0 helmet
 l - a +0 ring mail
 t - a +3 ring mail (worn)
 G - a +0 cloak (worn)
 I - a +0 pair of gloves (worn)
Jewellery
 s - an amulet of guardian spirit (around neck)
 w - a ring of protection from cold (left hand)
 J - the amulet of the Air {Inacc +Fly rElec EV+5 RMsl}
   (You found it on level 9 of the Dungeon)

   [amulet of inaccuracy]

   It reduces the accuracy of all your attacks.
   It affects your evasion (+5).
   It insulates you from electricity.
   It lets you fly.
   It protects you from missiles.
Wands
 p - a wand of acid (2)
 E - a wand of disintegration (9)
 H - a wand of random effects (17)
Scrolls
 i - 2 scrolls of fog
 j - 2 scrolls of fear {unknown}
 k - 8 scrolls of identify {unknown}
 m - 2 scrolls of amnesia {unknown}
 o - 3 scrolls of teleportation
 q - 4 scrolls of random uselessness {unknown}
 r - a scroll of enchant weapon {unknown}
 u - 4 scrolls of immolation {unknown}
 v - 7 scrolls of remove curse {unknown}
 y - a scroll of silence {unknown}
 C - a scroll of torment {unknown}
 F - a scroll of magic mapping
 K - a scroll of vulnerability {unknown}
Potions
 e - 3 potions of curing
 h - a potion of berserk rage {unknown}
 n - 3 potions of flight
 z - 2 potions of lignification {unknown}
 B - a potion of ambrosia {unknown}
 D - a potion of brilliance {unknown}
Comestibles
 f - 13 rations


   Skills:
 + Level 7.2 Fighting
 + Level 7.6 Long Blades
 - Level 0.2 Maces & Flails
 + Level 2.4 Throwing
 + Level 8.3 Armour
 + Level 7.0 Dodging
 + Level 5.6 Stealth
 + Level 1.0 Evocations


You had 9 spell levels left.
You didn't know any spells.
Your spell library was empty.

Dungeon Overview and Level Annotations

Branches:
Dungeon (9/15)             Temple (1/1) D:6             Orc (1/2) D:9
   Lair: D:8-11

Altars:
Ashenzari
Cheibriados
Dithmenos
Elyvilon
Fedhas
Gozag
Hepliaklqana
Kikubaaqudgha
Makhleb
Nemelex Xobeh
Okawaru
Qazlal
Ru
Sif Muna
Trog
Uskayaw
Vehumet
Wu Jian
Xom
Yredelemnul
Zin
The Shining One

Shops:
D:9 (


Innate Abilities, Weirdness & Mutations

You have a pair of small horns on your head.
You are mostly covered in yellow scales. (AC +3)
You are completely covered in sharp spines.


Message History

You hit the ettin.
You headbutt the ettin, but do no damage.
The ettin is moderately wounded.
The ettin misses you. The ettin closely misses you.
You catch the helpless ettin completely off-guard!
You slash the ettin!
The ettin is heavily wounded.
The ettin is struck by your spines. The ettin barely misses you.
You riposte.
You hit the ettin but do no damage.
The ettin is heavily wounded.
The ettin misses you.
You catch the helpless ettin completely off-guard!
You slash the ettin!
You headbutt the ettin, but do no damage.
The ettin is severely wounded.
You hit the ettin.
The ettin is severely wounded.
The ettin is struck by your spines. The ettin hits you with a dire flail!!!
You die...
Your body crumbles into a pile of gold.

#........... #...)....[..
#.########## #.# #.# #.#
### #.# ####>#### #.####
####.......####
#....###.....C@......###
#...##....#.......#....##
#..##....###....)###....##
#..#..8..###.8.8.###.....#
#.##......#.......#......##
#.#..#'#..#..#+#.[#..#.#..#
#.#.##[##.#.## ##[#.##.##.#
#.#.#..[#.#.# #.#.#.).#.#
#.#.#.)∩#.#.# #)#.#[..#.#..


You could see an ettin.

Vanquished Creatures
  2 two-headed ogres (D:8)
  The ghost of afd the Magician, a novice GnSk of Uskayaw (D:7)
  Pikel (D:6)
  A molten gargoyle (D:9)
  Sigmund (D:6)
  Eustachio (D:6)
  A hungry ghost (D:8)
  Edmund (D:5)
  A water moccasin (D:7)
  A slave (D:6)
  An ice beast (D:5)
  A black bear (D:7)
  3 orc warriors
  3 phantoms
  5 ogres
  2 centaurs
  6 bullfrogs
  A wyvern zombie (D:7)
  2 scorpions
  6 killer bees (D:8)
  5 wights (D:8)
  A howler monkey (D:7)
  3 vampire bats (D:5)
  3 crimson imps
  2 quasits
  A centaur zombie (D:6)
  3 hounds
  A jelly (D:8)
  An orc priest (D:3)
  Crazy Yiuf (D:6)
  10 orc wizards
  Jessica (D:2)
  2 iguanas
  11 worker ants
  A hound zombie (D:9)
  8 mummies (Ossuary)
  7 gnolls
  9 adders
  3 shadow imps
  An ooze (D:1)
  An adder skeleton (D:5)
  A worm (D:6)
  4 leopard geckos
  35 orcs
  4 bat skeletons (D:5)
  2 bat zombies (D:5)
  10 giant cockroaches
  3 gnoll zombies (Ossuary)
  4 goblins
  5 hobgoblins
  13 jackals
  4 quokkas
  2 ball pythons
  7 bats
  6 frilled lizards
  2 hobgoblin zombies (Ossuary)
  2 jackal skeletons
  8 kobolds
  3 kobold zombies (Ossuary)
  A leopard gecko skeleton (D:2)
  A quokka skeleton (D:7)
  5 rats
  A fungus (D:6)
239 creatures vanquished.

Vanquished Creatures (others)
  3 jackals (D:6)
3 creatures vanquished.

Grand Total: 242 creatures vanquished

Notes
Turn   | Place    | Note
-------+----------+-------------------------------------------
     0 | D:1      | Manul the Demonspawn Gladiator began the quest for the Orb.
     0 | D:1      | Reached XP level 1. HP: 16/16 MP: 1/1
   211 | D:1      | Gained mutation: You have a pair of small horns on your head. [demonic ancestry]
   211 | D:1      | Reached XP level 2. HP: 20/22 MP: 2/2
   687 | D:2      | Found a blossoming altar of Fedhas.
   689 | D:2      | Found a shimmering altar of Xom.
   689 | D:2      | Found a hide-covered altar of Uskayaw.
   691 | D:2      | Found a glowing silver altar of Zin.
   691 | D:2      | Found a white marble altar of Elyvilon.
   691 | D:2      | Found an iron altar of Okawaru.
  1210 | D:2      | Noticed Jessica
  1218 | D:2      | Killed Jessica
  1218 | D:2      | Gained mutation: You are partially covered in sharp spines. [demonic ancestry]
  1218 | D:2      | Reached XP level 3. HP: 11/28 MP: 3/3
  1497 | D:2      | Found a hazy altar of Hepliaklqana.
  1700 | D:3      | Reached skill level 1 in Armour
  1873 | D:3      | Reached XP level 4. HP: 33/34 MP: 4/4
  2502 | D:3      | Found a sparkling altar of Nemelex Xobeh.
  2591 | D:3      | Found a faded altar of an unknown god.
  2878 | D:4      | Gained mutation: You are mostly covered in sharp spines. [demonic ancestry]
  2878 | D:4      | Reached XP level 5. HP: 17/40 MP: 5/5
  3187 | D:4      | Reached skill level 2 in Armour
  3230 | D:4      | Noticed a phantom
  3265 | D:4      | Killed a phantom
  3265 | D:4      | Reached skill level 1 in Stealth
  3265 | D:4      | Gained mutation: You are partially covered in yellow scales. (AC +2) [demonic ancestry]
  3265 | D:4      | Reached XP level 6. HP: 26/47 MP: 6/6
  3499 | D:4      | Found a snail-covered altar of Cheibriados.
  3723 | D:5      | Entered Level 5 of the Dungeon
  3723 | D:5      | Noticed an ice beast
  3727 | D:5      | Reached skill level 3 in Armour
  3749 | D:5      | Killed an ice beast
  4030 | D:5      | Gained mutation: You are completely covered in sharp spines. [demonic ancestry]
  4030 | D:5      | Reached XP level 7. HP: 52/52 MP: 7/7
  4397 | D:5      | Noticed Edmund
  4410 | D:5      | Killed Edmund
  4410 | D:5      | Reached skill level 4 in Armour
  4480 | D:5      | Found an ancient bone altar of Kikubaaqudgha.
  4716 | D:6      | Noticed Pikel
  4735 | D:6      | Killed Pikel
  4735 | D:6      | Reached skill level 5 in Armour
  4735 | D:6      | Reached skill level 5 in Dodging
  4735 | D:6      | Reached XP level 8. HP: 52/61 MP: 5/8
  4750 | D:6      | Noticed Sigmund
  4759 | D:6      | Killed Sigmund
  4759 | D:6      | Reached skill level 6 in Armour
  4786 | D:6      | Found a staircase to the Ecumenical Temple.
  4801 | Temple   | Entered the Ecumenical Temple
  4958 | Temple   | Became a worshipper of Gozag Ym Sagoz the Greedy
  5009 | D:6      | Found a glowing drain.
  5044 | D:6      | Noticed Eustachio
  5050 | D:6      | Killed Eustachio
  5063 | D:6      | Reached skill level 5 in Fighting
  5095 | D:6      | Reached XP level 9. HP: 27/68 MP: 6/9
  5120 | D:6      | Found a sand-covered staircase.
  5136 | Ossuary  | Entered an ossuary
  5838 | D:6      | Reached skill level 7 in Armour
  6280 | D:6      | Found a runed door.
  6286 | D:6      | Noticed Crazy Yiuf
  6291 | D:6      | Killed Crazy Yiuf
  6449 | D:7      | Noticed afd's ghost (novice GnSk)
  6468 | D:7      | Killed afd's ghost
  6968 | D:7      | Found a sacrificial altar of Ru.
  7086 | D:7      | Reached skill level 5 in Long Blades
  7086 | D:7      | Reached skill level 5 in Stealth
  7181 | D:8      | Gained mutation: You are mostly covered in yellow scales. (AC +3) [demonic ancestry]
  7181 | D:8      | Reached XP level 10. HP: 52/76 MP: 10/10
  7642 | D:8      | Noticed a two-headed ogre
  7649 | D:8      | Noticed a two-headed ogre
  7677 | D:8      | Killed a two-headed ogre
  7677 | D:8      | Reached skill level 8 in Armour
  7764 | D:8      | Killed a two-headed ogre
  8504 | D:9      | Noticed a molten gargoyle
  8506 | D:9      | Noticed a molten gargoyle
  8513 | D:9      | Killed a molten gargoyle
  8513 | D:9      | Reached skill level 1 in Evocations
  8520 | D:9      | Found the amulet of the Air {Inacc +Fly rElec EV+5 RMsl}
  8590 | D:9      | Found a staircase to the Orcish Mines.
  8788 | D:9      | Bought a glowing great sword for 256 gold pieces
  8842 | D:9      | Noticed a molten gargoyle
  9139 | D:9      | Noticed a molten gargoyle
  9497 | Orc:1    | Entered Level 1 of the Orcish Mines
  9528 | Orc:1    | Noticed an ettin
  9548 | D:9      | Mangled by an ettin

Vault maps used:
D:1:      dpeg_arrival_arbitrary_b, hangedman_decor_lopped,
          grunt_decor_one_mirror
D:2:      marbit_many_paths, doesnt_xom_only_xom, uniq_jessica
D:3:      nemelex_xobeh_ov_fountains_minmay, chequers_ecumenical_altar_lobes
D:4:      cheibriados_altar_1
D:5:      kennysheep_vampire_church, first_ration, uniq_edmund
D:6:      temple_pool_b, cheibrodos_sewer_entry_drain, enter_ossuary_5,
          uniq_sigmund, uniq_pikel, uniq_crazy_yiuf_cottage, uniq_eustachio
D:7:      minivault_4, minmay_misc_feat_square, nicolae_ru_the_path_less_chosen
D:9:      david_orc_1_choice, grunt_ogre_cave, minivault_8
Temple:   dpeg_five_rooms_temple
Ossuary:  ossuary_tomb_3

Skill      XL: |  1  2  3  4  5  6  7  8  9 10 |
---------------+-------------------------------+-----
Throwing       | 2 |  2.4
Dodging        | 3 4 5 6 7 |  7.0
Long Blades    | 3 5 7 |  7.6
Armour         | 1 2 3 5 6 7 8 |  8.3
Fighting       | 3 4 5 6 7 |  7.2
Stealth        | 1 3 4 5 |  5.6
Evocations     | 1 |  1.0
Maces & Flails | |  0.2

Action                   |  1- 3 |  4- 6 |  7- 9 | 10-12 || total
-------------------------+-------+-------+-------+-------++-------
Melee: Long sword        |    37 |       |   147 |   159 ||   343
       Whip              |    21 |   107 |   110 |       ||   238
       Headbutt          |     5 |    15 |    59 |    55 ||   134
Throw: Throwing net      |       |       |       |     3 ||     3
Invok: Call Merchant     |       |       |       |     1 ||     1
Evoke: Wand              |       |       |     1 |     9 ||    10
  Use: Scroll            |     3 |       |     1 |       ||     4
       Potion            |       |     3 |     3 |     2 ||     8
 Stab: Sleeping          |       |     1 |     7 |     6 ||    14
       Invisible         |       |       |       |     2 ||     2
       Distracted        |       |       |       |     1 ||     1
  Eat: Chunk             |     3 |     7 |     2 |       ||    12
       Ration            |       |       |     3 |     2 ||     5
Armor: Leather armour    |    14 |    15 |       |       ||    29
       Ring mail         |       |    15 |    96 |    37 ||   148
Dodge: Dodged            |    35 |    70 |   165 |   120 ||   390
       Rpst.: Long sword |     9 |       |    18 |    31 ||    58

Table legend:
 A = Spawn XP
 B = Non-spawn XP
 C = Spawn XP percentage of total XP
 D = Spawn monster count
 E = Non-spawn monster count
 F = Spawn count percentage of total count
 G = Total turns spent on level
                    A         B        C        D         E        F      G
               +---------+---------+-------+---------+---------+-------+---------
         Total |       0 |   10156 |   0.0 |       0 |     237 |   0.0 |  9548
               +---------+---------+-------+---------+---------+-------+---------
           D:1 |       0 |      31 |   0.0 |       0 |      15 |   0.0 |   600
           D:2 |       0 |      48 |   0.0 |       0 |       9 |   0.0 |  1092
           D:3 |       0 |     104 |   0.0 |       0 |      27 |   0.0 |  1153
           D:4 |       0 |     274 |   0.0 |       0 |      27 |   0.0 |   878
           D:5 |       0 |     740 |   0.0 |       0 |      26 |   0.0 |   982
           D:6 |       0 |    1949 |   0.0 |       0 |      33 |   0.0 |  1064
           D:7 |       0 |    1722 |   0.0 |       0 |      22 |   0.0 |  1121
           D:8 |       0 |    3705 |   0.0 |       0 |      38 |   0.0 |  1307
           D:9 |       0 |    1307 |   0.0 |       0 |      23 |   0.0 |   738
         Orc:1 |       0 |     116 |   0.0 |       0 |       1 |   0.0 |    44
       Ossuary |       0 |     160 |   0.0 |       0 |      16 |   0.0 |   382
               +---------+---------+-------+---------+---------+-------+---------
